AoeStats
← |GaoeG| flamingo

Arena

508974000Analyzed
4v4 RM · 7d ago on Sep 24, 2026· 57m 46s· 8 players
Game mode
Random Map
Map size
Large (8 player)
Population
200
Speed
Normal
Resources
Standard
Victory
Conquest
Starting age
Dark Age
Ending age
Imperial Age
RankedLock teamsTeams togetherTeam positionsShared explorationLock speedFull tech treeHidden civsTurbo modeCheats
Victory
Defeat
🇨🇳 Teutons · China
1238
+16
🇨🇱 Byzantines · Chile
1232
+16
🇨🇱 Varangians · Chile
1228
+17
🇨🇭 Saxons · Switzerland
1214
+17
🇪🇸 Mongols · Spain
1375
-22
🇪🇸 Spanish · Spain
1269
-18
🇪🇸 Jurchens · Spain
1185
-14
🇪🇸 Bengalis · Spain
1128
-12
ink55
11:20 Feudal Age
9:37 Loom
15:31 Castle Age
13:58 Double-Bit Axe
14:26 Horse Collar
15:34 Stone Mining
21:50 Bow Saw
22:41 Gold Mining
23:58 Wheelbarrow
24:30 Heavy Plow
25:30 Fletching
29:59 Imperial Age
27:33 Squires
27:44 Scale Mail Armor
28:38 Ballistics
28:36 Forging
29:06 Hand Cart
29:33 Gold Shaft Mining
29:58 Chain Mail Armor
29:39 Bodkin Arrow
29:54 Town Watch
31:22 Plate Mail Armor
31:27 Iron Casting
31:32 Conscription
31:09 Pikeman
32:21 Bracer
33:06 Halberdier
34:08 Shield Wall
34:53 Padded Archer Armor
36:38 Chemistry
37:31 Arson
39:25 Two-Man Saw
38:14 Elite Varangian Guard
40:41 Elite Hearth Troop
42:33 Siege Engineers
42:38 Masonry
46:13 Architecture
45:24 Treadmill Crane
49:44 Hoardings
51:11 Caravan
51:21 Guilds
54:23 Murder Holes
55:40 Capped Ram
zhiko
11:08 Feudal Age
15:10 Castle Age
13:02 Double-Bit Axe
13:27 Horse Collar
14:07 Stone Mining
14:24 Loom
16:03 Bow Saw
17:46 Wheelbarrow
17:33 Heavy Plow
22:13 Hand Cart
29:08 Imperial Age
27:12 Forging
27:02 Scale Mail Armor
27:29 Squires
28:28 Iron Casting
27:46 Arson
30:03 Chain Mail Armor
30:25 Elite Varangian Guard
31:20 Town Watch
32:27 Conscription
31:50 Gothikon
34:38 Plate Mail Armor
39:32 Crop Rotation
42:38 Blast Furnace
45:02 Fletching
iiiiice
5:38 Loom
8:41 Feudal Age
21:45 Castle Age
19:42 Double-Bit Axe
19:51 Horse Collar
22:40 Bow Saw
24:54 Heavy Plow
27:38 Gold Mining
30:09 Wheelbarrow
30:10 Fletching
30:45 Elite Skirmisher
31:33 Bodkin Arrow
31:39 Padded Archer Armor
31:22 Pikeman
32:02 Squires
32:08 Scale Mail Armor
32:18 Forging
33:04 Squires
33:23 Chain Mail Armor
36:26 Imperial Age
34:57 Bodkin Arrow
35:03 Padded Archer Armor
36:11 Arson
37:04 Iron Casting
36:31 Halberdier
37:48 Plate Mail Armor
39:01 Chemistry
41:41 Blast Furnace
46:35 Leather Archer Armor
51:15 Ballistics
Yavier
10:26 Feudal Age
15:21 Castle Age
14:27 Double-Bit Axe
15:23 Horse Collar
16:27 Scale Mail Armor
16:53 Loom
17:41 Squires
21:51 Gold Mining
30:39 Imperial Age
28:45 Fletching
28:56 Padded Archer Armor
29:29 Elite Skirmisher
30:40 Bodkin Arrow
31:57 Ballistics
31:56 Leather Archer Armor
33:48 Wheelbarrow
38:58 Ring Archer Armor
38:24 Crossbowman
39:56 Bracer
42:15 Hand Cart
42:32 Bow Saw
43:33 Chemistry
43:58 Conscription
46:04 Arbalester
47:34 Gold Shaft Mining
46:50 Stone Mining
47:10 Thumb Ring
51:22 Heavy Plow
52:23 Two-Man Saw
52:02 Stone Shaft Mining
55:51 Crop Rotation
55:42 Murder Holes
|GaoeG| Joseba77
7:57 Loom
10:11 Feudal Age
11:40 Fletching
15:29 Double-Bit Axe
17:35 Horse Collar
23:59 Castle Age
22:02 Stone Mining
22:03 Gold Mining
25:40 Bow Saw
25:48 Bodkin Arrow
26:59 Guard Tower
27:34 Ballistics
31:31 Imperial Age
30:19 Padded Archer Armor
32:24 Bracer
33:04 Fortified Bastions
34:58 Two-Man Saw
36:56 Elite Skirmisher
40:17 Squires
40:35 Leather Archer Armor
41:59 Wheelbarrow
41:56 Ring Archer Armor
42:31 Chemistry
|GaoeG| flamingo
11:40 Feudal Age
15:36 Castle Age
13:36 Double-Bit Axe
13:37 Horse Collar
16:45 Bow Saw
16:56 Heavy Plow
22:23 Padded Archer Armor
24:20 Husbandry
24:38 Bloodlines
27:47 Wheelbarrow
26:59 Loom
28:10 Gold Mining
34:21 Imperial Age
32:42 Scale Barding Armor
32:48 Forging
34:24 Chain Barding Armor
34:59 Cavalier
36:15 Plate Barding Armor
36:18 Iron Casting
37:40 Conscription
40:21 Blast Furnace
42:57 Paladin
45:08 Leather Archer Armor
ErafaE
11:57 Feudal Age
16:06 Castle Age
14:27 Double-Bit Axe
15:11 Horse Collar
17:44 Bow Saw
21:21 Heavy Plow
23:22 Wheelbarrow
22:35 Loom
22:44 Town Watch
23:47 Gold Mining
25:32 Hand Cart
29:30 Imperial Age
27:24 Padded Archer Armor
27:14 Fletching
28:26 Gold Shaft Mining
28:28 Leather Archer Armor
28:36 Ballistics
28:50 Bodkin Arrow
30:19 Husbandry
30:30 Bloodlines
31:26 Two-Man Saw
30:59 Crop Rotation
31:03 Bracer
31:34 Ring Archer Armor
30:28 Elite Elephant Archer
32:20 Chemistry
31:30 Town Patrol
32:31 Siege Engineers
34:15 Scale Barding Armor
34:21 Forging
34:29 Masonry
34:14 Murder Holes
35:50 Architecture
36:20 Conscription
36:21 Mahayana
36:19 Paiks
40:41 Guilds
42:43 Coinage
44:06 Light Cavalry
47:23 Chain Barding Armor
47:39 Iron Casting
49:46 Plate Barding Armor
50:37 Blast Furnace
JITANOmaleant7
10:31 Feudal Age
11:44 Loom
14:33 Castle Age
12:32 Double-Bit Axe
12:29 Horse Collar
14:34 Wheelbarrow
16:10 Bow Saw
25:28 Heavy Plow
28:03 Imperial Age
26:05 Scale Barding Armor
27:21 Chain Barding Armor
27:12 Bloodlines
27:04 Husbandry
27:18 Forging
27:30 Gold Mining
28:27 Cavalier
30:33 Gold Shaft Mining
33:30 Elite Steppe Lancer
36:37 Iron Casting
36:49 Conscription
37:59 Hand Cart
38:02 Fletching
39:14 Blast Furnace
38:49 Bodkin Arrow
40:30 Capped Ram
41:34 Bracer
41:35 Padded Archer Armor
41:40 Siege Ram
43:14 Leather Archer Armor
42:37 Elite Mangudai
44:53 Light Cavalry
45:55 Hussar
47:37 Ballistics
48:18 Chemistry
Connection lost

Rejoining the realm…

Still unreachable

The connection could not be restored.

Session expired

The server has moved on; the page needs a fresh start.